 Dungeon Crawl Stone Soup version 0.22-a0-482-g76e0a5f (webtiles) character file.

445 George the Carver (level 6, -3/51 HPs)
             Began as a Minotaur Fighter on June 17, 2018.
             Slain by an ogre
             ... wielding a +0 giant club
              (24 damage)
             ... on level 3 of the Dungeon.
             The game lasted 00:03:53 (2762 turns).

George the Carver (Minotaur Fighter)                Turns: 2762, Time: 00:03:54

Health: -3/51      AC: 10    Str: 22    XL:     6   Next: 72%
Magic:  5/5        EV:  5    Int:  5    God:
Gold:   175        SH:  9    Dex: 10    Spells: 5/5 levels left

rFire    . . .     SeeInvis .   a - +1 long sword
rCold    . . .     Gourm    .   c - +0 shield
rNeg     . . .     Faith    .   i - +0 chain mail
rPois    .         Spirit   .   n - +1 hat
rElec    .         Reflect  .   (no cloak)
rCorr    .         Harm     .   (no gloves)
MR       .....                  (no boots)
Stlth    ..........             (no amulet)
HPRegen  0.17/turn              (no ring)
MPRegen  0.09/turn              (no ring)

@: drained
A: retaliatory headbutt, horns 2
a: no special abilities


You were on level 3 of the Dungeon.
You were not hungry.

You visited 1 branch of the dungeon, and saw 4 of its levels.
You also visited: Sewer.

You collected 175 gold pieces.

Inventory:

Hand Weapons
 a - a +1 long sword (weapon)
Armour
 c - a +0 shield (worn)
 i - a +0 chain mail (worn)
 n - a +1 hat (worn)
Wands
 m - a wand of acid (4)
 p - a wand of enslavement (15)
Scrolls
 b - 2 scrolls of identify {unknown}
 e - 4 scrolls of enchant weapon
 g - a scroll of remove curse {unknown}
 j - 2 scrolls of magic mapping
 o - 4 scrolls of teleportation {unknown}
Potions
 d - 2 potions of might
 h - 2 potions of resistance {unknown}
 k - a potion of magic {unknown}
 l - 3 potions of mutation {unknown}
 q - 2 potions of flight {unknown}
 r - 2 potions of heal wounds {unknown}
 s - a potion of haste {unknown}
Comestibles
 f - 8 rations


   Skills:
 - Level 3.6(3.2) Fighting
 + Level 8.8(8.3) Long Blades
 - Level 3.6(3.2) Armour
 - Level 3.6(3.2) Shields


You had 5 spell levels left.
You didn't know any spells.
Your spell library was empty.

Dungeon Overview and Level Annotations

Branches:
Dungeon (4/15)
 Temple: D:4-7

Altars:
Fedhas
Zin


Innate Abilities, Weirdness & Mutations

You reflexively headbutt those who attack you in melee.
You have a pair of horns on your head.


Message History

You block the ogre's attack.
There is a stone staircase leading up here.
You block the jackal's attack. The jackal closely misses you.
You riposte.
You slash the jackal!
You kill the jackal!
The ogre hits you with a giant club!
The orc priest mumbles some strange prayers to Beogh against you.
You barely resist.
All of the chunks of flesh in your inventory have rotted away.
You climb upwards.
There is a stone staircase leading down here.
You closely miss the ogre. You headbutt the ogre!
The ogre is moderately wounded.
The ogre hits you with a giant club!
Your shield and chain mail prevent you from hitting the ogre.
The ogre is moderately wounded.
You hit the ogre but do no damage.
The ogre is moderately wounded.
The ogre hits you with a giant club!!
You die...

.......<#######.# #.#..##
####...## #.# #.#..##
###...## #.## #....).
....### #..# ###..## ###.#
##.# #..# #.# #^# #..##
#.# #.# #.... #.# #O#
##.## ###.# ##### #@# #.#
....# #...# #†# #.# ###.#
###...###.####### #.##
#.####...............#
#.#.
###............#.#####.#
#.#. #....###.....(.#.#
#.# #.#.
#.##)#####...###.# #.#
#.#.
#.##.............#####.###
#.#.
......####...............#
#.#.


You could see an ogre.

Vanquished Creatures
  The ghost of KillYourself the Shield-Bearer, an amateur DsFi (D:3)
  A big kobold (Sewer)
  Jessica (D:3)
  An iguana (D:4)
  2 orc wizards (D:4)
  6 adders
  3 river rats (Sewer)
  2 oozes
  An adder skeleton (D:4)
  5 worms
  2 dart slugs
  2 leopard geckos
  4 orcs
  5 giant cockroaches
  4 goblins
  3 hobgoblins
  13 jackals
  2 quokkas (D:3)
  2 ball pythons
  5 bats
  2 frilled lizards
  11 kobolds
  7 rats
85 creatures vanquished.

Notes
Turn   | Place    | Note
-------+----------+-------------------------------------------
     0 | D:1      | George the Minotaur Fighter began the quest for the Orb.
     0 | D:1      | Reached XP level 1. HP: 19/19 MP: 0/0
   265 | D:1      | Reached skill level 3 in Long Blades
   269 | D:1      | Reached XP level 2. HP: 22/26 MP: 1/1
   608 | D:1      | Reached skill level 4 in Long Blades
   785 | D:2      | Reached XP level 3. HP: 31/31 MP: 2/2
  1115 | D:2      | Found a blossoming altar of Fedhas.
  1174 | D:2      | Reached skill level 5 in Long Blades
  1206 | D:2      | Found a glowing silver altar of Zin.
  1340 | D:3      | Found a glowing drain.
  1353 | D:3      | Reached XP level 4. HP: 33/39 MP: 3/3
  1374 | Sewer    | Entered a sewer
  1528 | Sewer    | Noticed a big kobold
  1533 | Sewer    | Reached skill level 6 in Long Blades
  1545 | Sewer    | Killed a big kobold
  1545 | Sewer    | Reached XP level 5. HP: 40/45 MP: 4/4
  1567 | Sewer    | Found a white marble altar of Elyvilon.
  1652 | D:3      | Reached skill level 7 in Long Blades
  1841 | D:3      | Noticed KillYourself's ghost (amateur DsFi)
  1854 | D:3      | Killed KillYourself's ghost
  1854 | D:3      | Reached XP level 6. HP: 14/51 MP: 5/5
  2048 | D:3      | Reached skill level 8 in Long Blades
  2131 | D:3      | Noticed Jessica
  2138 | D:3      | Killed Jessica
  2762 | D:3      | Slain by an ogre

Vault maps used:
D:1:      dpeg_arrival_arbitrary_a
D:2:      zin_treasury, first_ration, fedhas_altar_3
D:3:      portal_sewer_entry_a, minmay_cupped, uniq_jessica
Sewer:    sewer_kobolds

Skill      XL: |  1  2  3  4  5  6 |
---------------+-------------------+-----
Long Blades    | 3 4 5 6 7 8 |  8.8
Fighting       | |  3.6
Armour         | |  3.6
Shields        | |  3.6

Action                   |  1- 3 |  4- 6 || total
-------------------------+-------+-------++-------
Melee: Long sword        |   102 |   132 ||   234
       Headbutt          |    16 |    26 ||    42
  Use: Scroll            |     2 |       ||     2
  Eat: Chunk             |     1 |     5 ||     6
Armor: Chain mail        |   102 |    66 ||   168
       Scale mail        |     3 |       ||     3
Dodge: Dodged            |    40 |    21 ||    61
Block: Shield            |    50 |    81 ||   131
       Rpst.: Long sword |    13 |     7 ||    20

Table legend:
 A = Spawn XP
 B = Non-spawn XP
 C = Spawn XP percentage of total XP
 D = Spawn monster count
 E = Non-spawn monster count
 F = Spawn count percentage of total count
 G = Total turns spent on level
                    A         B        C        D         E        F      G
               +---------+---------+-------+---------+---------+-------+---------
         Total |       0 |     636 |   0.0 |       0 |      85 |   0.0 |  2762
               +---------+---------+-------+---------+---------+-------+---------
           D:1 |       0 |      39 |   0.0 |       0 |      19 |   0.0 |   679
           D:2 |       0 |      41 |   0.0 |       0 |      10 |   0.0 |   622
           D:3 |       0 |     270 |   0.0 |       0 |      35 |   0.0 |  1062
           D:4 |       0 |     139 |   0.0 |       0 |       9 |   0.0 |   152
         Sewer |       0 |     147 |   0.0 |       0 |      12 |   0.0 |   247
               +---------+---------+-------+---------+---------+-------+---------
